 Dungeon Crawl Stone Soup version 0.32-a0-576-g706899e69d (webtiles) character file.

Game seed: 12179109334419895422

3826 Dittersdorf the Fighter (level 10, -7/65 HPs)
             Began as a Gargoyle Fighter on Mar 1, 2024.
             Was an Initiate of Gozag.
             Mangled by a white ugly thing (26 damage)
             ... on level 9 of the Dungeon.
             The game lasted 00:09:33 (8572 turns).

Dittersdorf the Fighter (Gargoyle Fighter)          Turns: 8572, Time: 00:09:34

Health: -7/65      AC: 21    Str: 23    XL:     10   Next: 17%
Magic:  0/10       EV:  8    Int: 10    God:    Gozag
Gold:   458        SH:  5    Dex:  9    Spells: 9/9 levels left

rFire   . . .        x - +4 flail
rCold   . . .        c - +0 buckler
rNeg    + . .        q - +1 chain mail
rPois   ∞            (no helmet)
rElec   +            (no cloak)
rCorr   .            r - +1 pair of gloves
SInv    .            (no boots)
Will    .....        h - amulet of guardian spirit Stlth
                     (no ring)
HPRegen 0.30/turn    (no ring)
MPRegen 0.12/turn

%: guardian spirit
@: gold aura
A: sickness immunity, AC +7, negative energy resistance 1, electricity
resistance, torment resistance 1, petrification resistance
a: Renounce Religion, Potion Petition, Call Merchant, Bribe Branch


You were on level 9 of the Dungeon.
You worshipped Gozag.
Gozag was aware of your devotion.
You visited 2 branches of the dungeon, and saw 10 of its levels.
You also visited: Sewer.

You collected 594 gold pieces.
You paid 136 gold pieces to Gozag.

Inventory:

Hand Weapons
 x - a +4 flail (weapon)
Armour
 a - the +8 orange crystal plate armour {Archmagi, Int+3 Clar}
   (You acquired it on level 5 of the Dungeon)

   Int+3:     It affects your intelligence (+3).
   Clar:      It protects you from confusion, rage, mesmerisation and fear.
 c - a +0 buckler (worn)
 q - a +1 chain mail (worn)
 r - a +1 pair of gloves (worn)
Jewellery
 h - an amulet of guardian spirit (around neck)
Wands
 u - a wand of mindburst (4) (quivered)
Scrolls
 g - a scroll of silence
 i - a scroll of enchant armour
 j - 3 scrolls of blinking
 m - a scroll of teleportation {unknown}
 n - 3 scrolls of fear {unknown}
 o - a scroll of enchant weapon {unknown}
Potions
 b - 3 potions of heal wounds
 d - 4 potions of might
 e - 8 potions of curing
 f - 3 potions of haste
 k - 2 potions of brilliance
 l - 3 potions of mutation
 p - 2 potions of invisibility
 v - a potion of magic {unknown}
 w - a potion of ambrosia {unknown}


   Skills:
 + Level 8.6 Fighting
 + Level 7.4 Maces & Flails
 + Level 8.6 Armour
 + Level 8.5 Shields


You had 9 spell levels left.
You didn't know any spells.
Your spell library contained the following spells:

 Spells                   Type           Power      Damage    Failure   Level
 Magic Dart               Conj           0%         1d3       91%         1
 Slow                     Hex            0%         N/A       91%         1
 Blink                    Tloc           0%         N/A       97%         2
 Call Imp                 Summ           0%         N/A       97%         2
 Lesser Beckoning         Tloc           0%         N/A       97%         2
 Confusing Touch          Hex            0%         N/A       99%         3
 Gell's Gravitas          Tloc           0%         N/A       99%         3
 Sigil of Binding         Hex            0%         N/A       99%         3
 Teleport Other           Tloc           0%         N/A       99%         3
 Vampiric Draining        Necr           0%         2d6       99%         3
 Vhi's Electric Charge    Tloc/Air       0%         N/A       100%        4
 Arcjolt                  Conj/Air       0%         1d10      100%        5
 Maxwell's Capacitive Co  Air            0%         ∞         100%        8


Dungeon Overview and Level Annotations

Branches:
Dungeon (9/15)             Temple (1/1) D:5           Sewer (visited)
   Lair: D:8-11         Orc: D:9-12

Altars:
Ashenzari
Cheibriados
Dithmenos
Elyvilon
Fedhas
Gozag
Hepliaklqana
Kikubaaqudgha
Makhleb
Nemelex Xobeh
Okawaru
Qazlal
Ru
Sif Muna
Trog
Uskayaw
Vehumet
Wu Jian
Yredelemnul
Zin
The Shining One

Shops:
D:9 :[

Annotations:
D:9 Joseph


Innate Abilities, Weirdness & Mutations

You are immune to sickness and miasma.
Your stone body is resilient. (AC +7)
You are immune to poison.
You resist negative energy. (rN+)
You are resistant to electric shocks. (rElec)
You are resistant to unholy torment.
You are immune to petrification.


Message History

The white ugly thing headbutts you but does no damage.
The howler monkey hits you.
You are too injured to fight recklessly!
You are too injured to fight recklessly!
You are too injured to fight recklessly!
You are too injured to fight recklessly!
You are too injured to fight recklessly!
You are too injured to fight recklessly!
You are too injured to fight recklessly!
You are too injured to fight recklessly!
You are too injured to fight recklessly!
You are too injured to fight recklessly!
You are too injured to fight recklessly!
You are too injured to fight recklessly!
You are too injured to fight recklessly!
You are too injured to fight recklessly!
You are too injured to fight recklessly!
You are too injured to fight recklessly!
You are too injured to fight recklessly!
You are too injured to fight recklessly!
You are too injured to fight recklessly!
You are too injured to fight recklessly!
You are too injured to fight recklessly!
The howler monkey hoots and howls with incredible vigour!
Joseph unwields a +1 spectral quarterstaff.
The +1 spectral quarterstaff disappears.
Joseph wields a +0 sling.
Joseph shoots a sling bullet.
You block the sling bullet.
The howler monkey hoots and howls with incredible vigour!
You hear a shout! x4; You hear a bellow! x2
The howler monkey hoots and howls with incredible vigour!
You hear a shout! x2
The white ugly thing attacks as it pursues you!
The white ugly thing closely misses you.
The white ugly thing attacks as it pursues you!
The white ugly thing headbutts you!
* * * LOW HITPOINT WARNING * * *
The white ugly thing freezes you!!
You die...
Your body crumbles into a pile of gold.

............................
....).......................
.)..........................
............................
.......#######.)............
.......# #...........>..
.......# #......$.......
.......#######...h.h..#♣.###
................@u.@### #
...................##
########...######### #...#
#...# ########...###
.............#
#####........#
#####..#######


You could see a white ugly thing, Joseph and 2 howler monkeys.

Vanquished Creatures
  A wyvern (D:5)
  A wraith (D:8)
  Menkaure (D:7)
  2 water moccasins
  6 orc warriors
  An ogre (D:5)
  3 centaurs
  A phantom (D:5)
  2 bullfrogs
  2 gnoll sergeants
  4 scorpions
  9 wights
  5 howler monkeys
  A vampire bat (D:6)
  A bombardier beetle (D:7)
  3 jellies
  A hound (D:5)
  7 orc priests
  A gnoll bouda (D:4)
  2 sleepcaps
  2 iguanas
  4 orc wizards
  A hell rat (Sewer)
  10 gnolls
  4 adders
  5 river rats
  2 shadow imps
  5 white imps
  3 ribbon worms
  4 dart slugs
  32 orcs
  8 ball pythons
  A bat skeleton (D:6)
  4 bat zombies (D:6)
  8 endoplasms
  2 giant cockroaches
  4 goblins
  5 hobgoblins
  4 jackals
  10 kobolds
  3 quokkas
  3 bats
  4 frilled lizards
  17 rats
199 creatures vanquished.

Vanquished Creatures (others)
  A sky beast (D:7)
1 creature vanquished.

Grand Total: 200 creatures vanquished

Notes
Turn   | Place    | Note
-------+----------+-------------------------------------------
     0 | D:1      | Dittersdorf the Gargoyle Fighter began the quest for the
                  | Orb.
     0 | D:1      | Reached XP level 1. HP: 14/14 MP: 1/1
   102 | D:1      | Reached XP level 2. HP: 19/19 MP: 2/2
   787 | D:2      | Reached XP level 3. HP: 16/23 MP: 3/3
  1188 | D:2      | Found a faded altar of an unknown god.
  1456 | D:2      | Reached XP level 4. HP: 6/29 MP: 4/4
  1844 | D:3      | Reached XP level 5. HP: 17/33 MP: 1/5
  2133 | D:3      | Found a bloodstained altar of Trog.
  3161 | D:4      | Reached XP level 6. HP: 38/39 MP: 6/6
  3344 | D:5      | Entered Level 5 of the Dungeon
  3370 | D:5      | Found a staircase to the Ecumenical Temple.
  3383 | D:5      | Reached skill level 5 in Fighting
  3383 | D:5      | Reached skill level 5 in Armour
  3383 | D:5      | Reached skill level 5 in Shields
  3383 | D:5      | Reached XP level 7. HP: 14/44 MP: 2/7
  3391 | Temple   | Entered the Ecumenical Temple
  3458 | D:5      | Found a snail-covered altar of Cheibriados.
  3531 | D:5      | Found a glowing drain.
  3554 | Sewer    | Entered a sewer
  4625 | D:5      | Reached XP level 8. HP: 42/51 MP: 6/8
  4730 | D:5      | Reached skill level 5 in Maces & Flails
  5060 | D:6      | Noticed a wyvern
  5061 | D:6      | Identified a scroll of acquirement
  5073 | D:5      | Killed a wyvern
  5146 | D:5      | Acquired the +8 orange crystal plate armour {Archmagi,
                  | Int+3 Clar}
  5146 | D:5      | Found the +8 orange crystal plate armour {Archmagi, Int+3
                  | Clar}
  5486 | D:6      | Reached XP level 9. HP: 39/56 MP: 6/9
  5890 | D:6      | Found an ancient bone altar of Kikubaaqudgha.
  6778 | D:7      | Found a shadowy altar of Dithmenos.
  6778 | D:7      | Found an ornate altar of the Wu Jian Council.
  7086 | D:7      | Noticed Menkaure
  7089 | D:7      | Killed Menkaure
  7412 | D:7      | Found an opulent altar of Gozag.
  7490 | D:7      | Became a worshipper of Gozag Ym Sagoz the Greedy
  7581 | D:8      | Found a sparkling altar of Nemelex Xobeh.
  7796 | D:8      | Reached XP level 10. HP: 54/64 MP: 7/10
  7902 | D:8      | Identified the +7 rapier of Xuag {flame, Str+3}
  8097 | D:8      | Identified the staff of Expedience {rElec rF+ rC+ rN+ Ice}
  8280 | D:9      | Found Niasavih's Book Shop.
  8338 | D:9      | Found Hoxzorchi's Armour Emporium.
  8558 | D:9      | Noticed a white ugly thing
  8559 | D:9      | Noticed Joseph
  8572 | D:9      | Mangled by a white ugly thing

Illustrated notes

Levels and vault maps discovered:
D:1:      lightli_arrival_boilingwater, layout_loops_cross
D:2:      minmay_chambers_of_ones, layout_loops_ring,
          dreamdust_ecumenical_altar_statues, fountainhead
D:3:      layout_loops_corners, mainiacjoe_overflow_brackets
D:4:      layout_loops_cross, grunt_decor_cap
D:5:      kennysheep_spiral_hall, layout_basic, mainiacjoe_overflow_24_doors,
          minmay_temple_entry_ruins, mainiacjoe_sewer_entry_somewhere_in_here_2,
          grunt_ministairs_5
D:6:      layout_basic, kennysheep_vampire_church
D:7:      nicolae_cairo_tiling_large, layout_basic, old_standard_altar,
          gammafunk_temple_overflow_pools, uniq_menkaure
D:8:      minmay_klotski, layout_loops_ring, nemelex_xobeh_ov_fountains_minmay
D:9:      kennysheep_kobold_camp, layout_long_grid,
          mainiacjoe_overflow_small_starburst, erik_orc_1, serial_shops,
          nicolae_shop_bloodbath_and_beyond, shop_statue, shop, shop,
          corner_web_ring, uniq_joseph
Temple:   zaba_magenta_temple

Skill      XL: |  1  2  3  4  5  6  7  8  9 |
---------------+----------------------------+-----
Fighting       | 4 5 6 8 |  8.6
Armour         | 4 5 6 8 |  8.6
Shields        | 4 5 6 8 |  8.5
Maces & Flails | 3 4 5 7 |  7.4

Action                     |  1- 3 |  4- 6 |  7- 9 | 10-12 || total
---------------------------+-------+-------+-------+-------++-------
  Melee: Flail             |   116 |   177 |   579 |    55 ||   927
    Use: Scroll            |       |     4 |    11 |     2 ||    17
 Armour: Scale mail        |    95 |    21 |       |       ||   116
         Chain mail        |       |   112 |   537 |    67 ||   716
  Dodge: Dodged            |    53 |    80 |   235 |    33 ||   401
  Block: Buckler           |    27 |    43 |   161 |    33 ||   264

Table legend: (Time is in decaauts)
 A = Elapsed time spent in this place.
 B = Non-inter-level travel time spent in this place.
 C = Inter-level travel time spent in this place.
 D = Time resting spent in this place.
 E = Time spent auto-exploring this place.
 F = Levels seen in this place.
 G = Mean time per level.
                   A        B        C        D        E       F      G
               +--------+--------+--------+--------+--------+-----+--------+
         Total |   8799 |   8453 |    346 |   1081 |   5396 |  11 |  799.9 |
       Dungeon |   8249 |   7903 |    346 |    741 |   5359 |   9 |  916.6 |
        Temple |    156 |    156 |      0 |    120 |      0 |   1 |  156.0 |
         Sewer |    393 |    393 |      0 |    220 |     37 |   1 |  393.0 |
               +--------+--------+--------+--------+--------+-----+--------+

Top non-repeatable levels by time:
     D:6: 1424 daAuts
     D:5: 1399 daAuts
     D:7: 1022 daAuts
     D:2: 940 daAuts
     D:3: 910 daAuts
     D:4: 897 daAuts
     D:8: 681 daAuts
     D:1: 681 daAuts
   Sewer: 393 daAuts
     D:9: 292 daAuts
  Temple: 156 daAuts
